 Dungeon Crawl Stone Soup version 0.22-a0-445-g8c8ef71 (webtiles) character file.

88 Supreme the Digger (level 4, -3/31 HPs)
             Began as a Formicid Earth Elementalist on June 2, 2018.
             Slain by Sigmund
             ... wielding a +4 scythe of freezing
              (12 damage)
             ... on level 2 of the Dungeon.
             The game lasted 00:18:27 (1749 turns).

Supreme the Digger (Formicid Earth Elementalist)    Turns: 1749, Time: 00:18:28

Health: -3/31      AC:  3    Str: 12    XL:     4   Next: 81%
Magic:  1/8        EV: 12    Int: 16    God:
Gold:   80         SH:  0    Dex: 11    Spells: 2/8 levels left

rFire    . . .     SeeInvis +   h - +0 dagger
rCold    . . .     Gourm    .   (no shield)
rNeg     . . .     Faith    .   c - +0 robe
rPois    +         Spirit   .   (helmet unavailable)
rElec    .         Reflect  .   j - +0 cloak
rCorr    .         Harm     .   k - -1 pair of gloves (curse)
MR       .....                  (no boots)
Stlth    ++........             (no amulet)
HPRegen  0.10/turn              g - ring of poison resistance
MPRegen  0.11/turn              (no ring)

@: no status effects
A: permanent stasis, dig shafts and tunnels, four strong arms, antennae 3
a: Dig, Shaft Self


You were on level 2 of the Dungeon.
You were hungry.

You visited 1 branch of the dungeon, and saw 2 of its levels.

You collected 80 gold pieces.

Inventory:

Hand Weapons
 h - a +0 dagger (weapon)
 p - a cursed -2 mace
Missiles
 b - 32 stones (quivered)
Armour
 c - a +0 robe (worn)
 j - a +0 cloak (worn)
 k - a cursed -1 pair of gloves (worn)
Jewellery
 g - a ring of poison resistance (left hand)
Scrolls
 a - 2 scrolls of immolation {unknown}
 m - a scroll of random uselessness {unknown}
 n - a scroll of remove curse {unknown}
 o - a scroll of enchant armour {unknown}
 r - a scroll of teleportation {unknown}
 s - a scroll of fear {unknown}
Potions
 e - a potion of lignification {unknown}
 i - 2 potions of curing {unknown}
 l - a potion of ambrosia {unknown}
 q - a potion of berserk rage {unknown}
Comestibles
 d - 3 rations
 f - a chunk of flesh


   Skills:
 + Level 0.4 Fighting
 + Level 2.2 Dodging
 + Level 2.7 Stealth
 + Level 2.8 Spellcasting
 + Level 0.1 Conjurations
 + Level 1.1 Transmutations
 * Level 5.2 Earth Magic


You had 2 spell levels left.
You knew the following spells:

 Your Spells              Type           Power        Failure   Level  Hunger
a - Sandblast             Erth           ###...       2%          1    #......
b - Passwall              Tmut/Erth      ##......     8%          2    ##.....
c - Stone Arrow           Conj/Erth      ##....       19%         3    ###....

Your spell library contained the following spells:

 Spells                   Type           Power        Failure   Level  Hunger
 Lee's Rapid Deconstruct  Erth           ###.......   52%         5    ######.
 Petrify                  Tmut/Erth      ##......     45%         4    #####..


Dungeon Overview and Level Annotations

Branches:
Dungeon (2/15)

Altars:
Fedhas
Okawaru

Annotations:
D:2 Sigmund


Innate Abilities, Weirdness & Mutations

You cannot be hasted, slowed, berserked, paralysed or teleported.
You can dig through walls and to a lower floor.
Your four strong arms can wield two-handed weapons with a shield.
You have a pair of large antennae on your head. (SInv)


Message History

b - 32 stones The bat hits you.
Sigmund hits you from afar with a scythe of freezing.
Sigmund freezes you. The bat hits you. The bat hits you.
The bat hits you but does no damage.
Sigmund casts a spell.
Sigmund flickers and vanishes for a moment.
The bat barely misses you. The bat barely misses you. The bat hits you.
The bat hits you.
Sigmund points at you and mumbles some strange words.
The puff of flame hits you!
* * * LOW HITPOINT WARNING * * *
The bat hits you but does no damage. The bat barely misses you.
Sigmund screams, "I am the angel of ZOT!!!"
Sigmund hits you from afar with a scythe of freezing!
You die...

##......##
##........##
#..........#
#..........#
#..........# ####
#..........# #..##
#......@...#
#...#####......b.##
##.#..##........@.##
...................#
.#.##.###..........#
##.##.###.<.<......#
#..#..##..........#
##.##..#..........#
###...#..#........##
.####.##..#.......#
..# #.###.##......#


You could see Sigmund (invisible) and a bat.

Vanquished Creatures
  Jessica (D:2)
  2 oozes (D:2)
  3 worms (D:2)
  2 leopard geckos
  4 bats
  4 giant cockroaches
  6 goblins
  2 hobgoblins
  3 jackals (D:1)
  4 kobolds
  A quokka (D:2)
  5 frilled lizards
  7 rats
44 creatures vanquished.

Notes
Turn   | Place    | Note
-------+----------+-------------------------------------------
     0 | D:1      | Supreme the Formicid Earth Elementalist began the quest for the Orb.
     0 | D:1      | Reached XP level 1. HP: 13/13 MP: 3/3
   182 | D:1      | Reached skill level 4 in Earth Magic
   182 | D:1      | Reached XP level 2. HP: 19/19 MP: 5/5
   186 | D:1      | Learned a level 2 spell: Passwall
   535 | D:1      | Found an iron altar of Okawaru.
   732 | D:1      | Reached XP level 3. HP: 24/24 MP: 6/6
   820 | D:1      | Learned a level 3 spell: Stone Arrow
  1292 | D:2      | Reached skill level 5 in Earth Magic
  1292 | D:2      | Reached XP level 4. HP: 26/30 MP: 0/7
  1345 | D:2      | Found a blossoming altar of Fedhas.
  1524 | D:2      | Noticed Jessica
  1554 | D:2      | Killed Jessica
  1652 | D:2      | Noticed Sigmund
  1749 | D:2      | Slain by Sigmund

Vault maps used:
D:1:      minmay_arrival_glassed_features, interstate_on_off,
          kennysheep_flooded_box
D:2:      lemuel_crystal_altar, uniq_jessica, uniq_sigmund

Skill      XL: |  1  2  3  4 |
---------------+-------------+-----
Earth Magic    | 4 5 |  5.2
Dodging        | 2 |  2.2
Fighting       | |  0.4
Stealth        | |  2.7
Spellcasting   | |  2.8
Conjurations   | |  0.1
Transmutations | |  1.1

Action                   |  1- 3 |  4- 6 || total
-------------------------+-------+-------++-------
Melee: Dagger            |   127 |    30 ||   157
       Unarmed           |     5 |       ||     5
 Cast: Sandblast         |    16 |     7 ||    23
       Stone Arrow       |     4 |     4 ||     8
 Stab: Sleeping          |     3 |     1 ||     4
  Eat: Chunk             |     2 |     2 ||     4
Armor: Robe              |     3 |     9 ||    12
       Leather armour    |    37 |       ||    37
Dodge: Dodged            |    84 |    24 ||   108

Table legend:
 A = Spawn XP
 B = Non-spawn XP
 C = Spawn XP percentage of total XP
 D = Spawn monster count
 E = Non-spawn monster count
 F = Spawn count percentage of total count
 G = Total turns spent on level
                    A         B        C        D         E        F      G
               +---------+---------+-------+---------+---------+-------+---------
         Total |       0 |     126 |   0.0 |       0 |      44 |   0.0 |  1749
               +---------+---------+-------+---------+---------+-------+---------
           D:1 |       0 |      35 |   0.0 |       0 |      22 |   0.0 |  1041
           D:2 |       0 |      91 |   0.0 |       0 |      22 |   0.0 |   708
               +---------+---------+-------+---------+---------+-------+---------
